 Dungeon Crawl Stone Soup version 0.17.1-3-g152610e (webtiles) character file.

184 Blunderbuss the Skirmisher (level 5, -1/57 HPs)
             Began as an Ogre Berserker on Mar 4, 2016.
             Was a Priest of Trog.
             Slain by Grinder (5 damage)
             ... on level 3 of the Dungeon.
             The game lasted 00:11:58 (2730 turns).

Blunderbuss the Skirmisher (Ogre Berserker)         Turns: 2730, Time: 00:11:58

Health: -1/57      AC:  3    Str: 23    XL:     5   Next: 63%
Magic:  5/5        EV: 11    Int:  6    God:    Trog [***...]
Gold:   165        SH:  0    Dex:  9    Spells: 0 memorised, 4 levels left

rFire  . . .     SeeInvis +     a - +0 mace
rCold  . . .     Clarity  .     b - +0 animal skin
rNeg   . . .     SustAt   .     (no shield)
rPois  .         Gourm    .     (helmet restricted)
rElec  .         Spirit   .     (no cloak)
rCorr  .         Warding  .     (gloves unavailable)
rMut   .         Stasis   .     (boots unavailable)
MR     .....                    (no amulet)
Stlth  +.........               (no ring)
                                f - ring of see invisible

@: exhausted, not resistant to hostile enchantments, very unstealthy
A: unfitting armour, tough skin 1
a: Berserk, Trog's Hand, Burn Spellbooks, Renounce Religion


You were on level 3 of the Dungeon.
You worshipped Trog.
Trog was most pleased with you.
You were not hungry.

You visited 1 branch of the dungeon, and saw 3 of its levels.

You collected 165 gold pieces.

Inventory:

Hand Weapons
 a - a +0 mace (weapon)
Armour
 b - a +0 animal skin (worn)
Jewellery
 c - an uncursed ring of ice
 f - a ring of see invisible (left hand)
Scrolls
 e - a scroll of enchant weapon {unknown}
 g - a scroll of teleportation {unknown}
 h - a scroll of identify


   Skills:
 + Level 5.3 Fighting
 + Level 5.1 Maces & Flails
 + Level 4.4 Dodging
 + Level 0.1 Stealth


You had 4 spell levels left.
You didn't know any spells.

Dungeon Overview and Level Annotations

Branches:
Dungeon (3/15)

Altars:

Annotations:
D:3 Grinder


Innate Abilities, Weirdness & Mutations

You are too large for most types of armour.
You have tough skin (AC +1).


Message History

Grinder gestures at you.
You shrug off the repeated paralysis!
Grinder gestures.
Grinder blinks!
You can move again.
Grinder says, "I used to sell toenails on the black market."
You feel yourself speed up.
Grinder says, "FISH!"
Grinder gestures.
Grinder blinks!
You're too exhausted to go berserk.
Eat which item? (? for menu, Esc to quit)
Mmm...
Yak cheese pizza.
You're too exhausted to go berserk.
You closely miss Grinder.
Grinder is almost dead.
Grinder hits you.
* * * LOW HITPOINT WARNING * * *
You writhe in agony.
You die...

##.# #.### #.# # #..#
#.g.# #.# # #..# #.#.# #.#
# #..# #.#g# #.# ##
#..#######.#.###.######.
###..........#.##[..)))...
#.....##...........######)
#.###.#######...#.#######.
#.# #...5@................
#.###..######...#..######.
#ยง.....# ##.##..# #.
#####..# #.....# #.
#..##########..# #.
#.......# #..# #.
#.#####.# #..# #. #.# #.#
#..# #. #.# #.#


You could see Grinder.

Vanquished Creatures
  An orc wizard (D:3)
  Jessica (D:3)
  Robin (D:3)
  3 adders
  4 worms (D:2)
  2 giant geckos (D:1)
  2 orcs (D:3)
  11 bats
  8 hobgoblins
  9 jackals
  5 kobolds
  A ball python (D:3)
  4 giant cockroaches
  4 giant newts
  14 goblins
  A quokka (D:2)
  5 rats
76 creatures vanquished.

Notes
Turn   | Place    | Note
--------------------------------------------------------------
     0 | D:1      | Blunderbuss the Ogre Berserker began the quest for the Orb.
     0 | D:1      | Reached XP level 1. HP: 24/24 MP: 1/1
   137 | D:1      | Reached XP level 2. HP: 24/32 MP: 2/2
   439 | D:1      | Reached XP level 3. HP: 29/40 MP: 3/3
   782 | D:2      | Reached ** piety under Trog
  1308 | D:2      | Reached XP level 4. HP: 3/49 MP: 4/4
  2404 | D:3      | Noticed Jessica
  2412 | D:3      | Killed Jessica
  2412 | D:3      | Reached skill level 5 in Fighting
  2413 | D:3      | Reached skill level 5 in Maces & Flails
  2413 | D:3      | Reached XP level 5. HP: 28/57 MP: 5/5
  2575 | D:3      | Noticed Robin
  2607 | D:3      | Reached *** piety under Trog
  2628 | D:3      | Killed Robin
  2690 | D:3      | Noticed Grinder
  2719 | D:3      | Paralysed by Grinder for 6 turns
  2730 | D:3      | Slain by Grinder

Action                   |  1- 3 |  4- 6 || total
-------------------------+-------+-------++-------
Melee: Mace              |   135 |   133 ||   268
Invok: Berserk           |       |     3 ||     3
  Use: Scroll            |     3 |       ||     3
       Potion            |     1 |     2 ||     3
  Eat: Bread ration      |     1 |       ||     1
       Beef jerky        |     1 |       ||     1
       Fruit             |       |     3 ||     3
       Pizza             |       |     1 ||     1
